 Dungeon Crawl Stone Soup version 0.30.1-11-g7821555f0a (webtiles) character file.

Game seed: 5349854671851562665

15154 KittyFluff the Protected (level 12, -6/76 HPs)
             Began as a Gargoyle Berserker on Nov 3, 2023.
             Was the Champion of Trog.
             Killed from afar by a hell hound (19 damage)
             ... with a blast of flame
             ... led by Azrael
             ... on level 12 of the Dungeon.
             The game lasted 00:49:59 (10051 turns).

KittyFluff the Protected (Gargoyle Berserker)      Turns: 10051, Time: 00:50:00

Health: -6/76      AC: 20    Str: 31    XL:     12   Next: 24%
Magic:  12/12      EV: 13    Int:  8    God:    Trog [******]
Gold:   752        SH:  9    Dex:  9    Spells: 11/11 levels left

rFire   . . .        B - +3 hammer of the Lusting Queen {venom, rN++ rCorr Str-4 SInv}
rCold   . . .        b - +0 kite shield
rNeg    + + +        Y - +2 robe {Will+}
rPois   ∞            g - +0 hat
rElec   +            p - +0 cloak of the Secret Planets {Drain +Inv Regen+ Str+2}
rCorr   +            X - +0 pair of gloves
SInv    +            P - +2 pair of boots of the Blizzard {Str+7}
Will    +....        x - amulet of the acrobat
Stlth   +            (no ring)
HPRegen 1.12/turn    (no ring)
MPRegen 0.13/turn

%: acrobat
@: studying Dodging
A: sickness immunity, AC +8, negative energy resistance 1, electricity
resistance, torment resistance 1, petrification resistance
a: Renounce Religion, Evoke Invisibility, Berserk, Trog's Hand, Brothers in Arms


You were on level 12 of the Dungeon.
You worshipped Trog.
Trog was exalted by your worship.
You visited 1 branch of the dungeon, and saw 12 of its levels.
You also visited: Sewer and Ossuary.

You collected 752 gold pieces.

Inventory:

Hand Weapons
 i - a +0 sling
 v - a +0 morningstar
 B - the +3 hammer of the Lusting Queen (weapon) {venom, rN++ rCorr Str-4 SInv}
   (You found it on level 4 of the Dungeon)

   Str:       It affects your strength (-4).
   rN:        It greatly protects you from negative energy.
   SInv:      It lets you see invisible.
   rCorr:     It protects you from acid and corrosion.
Missiles
 a - 3 throwing nets
 j - 47 poisoned darts (quivered)
 l - 4 datura-tipped darts
 t - 6 silver javelins
 A - 3 atropa-tipped darts
 J - 7 javelins
 O - 2 silver boomerangs
 V - a curare-tipped dart
 Z - 5 boomerangs
Armour
 b - a +0 kite shield (worn)
 g - a +0 hat (worn)
 p - the +0 cloak of the Secret Planets (worn) {Drain +Inv Regen+ Str+2}
   (You found it on level 3 of the Dungeon)

   Str:       It affects your strength (+2).
   +Inv:      It lets you turn invisible.
   Regen:     It increases your rate of health regeneration.
   Drain:     It drains your maximum health when unequipped.
 P - the +2 pair of boots of the Blizzard (worn) {Str+7}
   (You acquired it on level 6 of the Dungeon)

   Str:       It affects your strength (+7).
 U - a +1 plate armour of willpower
 X - a +0 pair of gloves (worn)
 Y - a +2 robe of willpower (worn)
Jewellery
 x - an amulet of the acrobat (around neck)
Wands
 r - a wand of digging (5)
 y - a wand of paralysis (9)
 L - a wand of flame (25)
 Q - a wand of mindburst (16)
 T - a wand of iceblast (36)
 W - a wand of acid (3)
Scrolls
 e - 2 scrolls of poison {unknown}
 h - 3 scrolls of silence {unknown}
 k - 2 scrolls of immolation {unknown}
 o - 2 scrolls of fog
 q - 3 scrolls of blinking {unknown}
 s - a scroll of magic mapping
 u - 3 scrolls of enchant weapon {unknown}
 w - a scroll of fear {unknown}
 C - 3 scrolls of teleportation {unknown}
 F - 3 scrolls of summoning
 H - 3 scrolls of noise {unknown}
 M - a scroll of torment {unknown}
Potions
 c - 2 potions of lignification
 d - 5 potions of heal wounds
 f - 8 potions of curing
 m - 4 potions of might {unknown}
 n - 2 potions of brilliance {unknown}
 D - 3 potions of magic {unknown}
 E - 4 potions of mutation {unknown}
 G - 4 potions of cancellation {unknown}
 I - 4 potions of haste
 K - a potion of ambrosia
 N - a potion of invisibility
 R - 2 potions of attraction {unknown}
 S - 4 potions of flight
Miscellaneous
 z - a phial of floods


   Skills:
 + Level 9.0 Fighting
 * Level 11.3 Maces & Flails
 * Level 12.0 Armour
 + Level 8.1 Dodging
 + Level 6.6 Shields


You had 11 spell levels left.
You didn't know any spells.
Your spell library was empty.

Dungeon Overview and Level Annotations

Branches:
Dungeon (12/15)            Temple (0/1) D:7           Sewer (visited)
Ossuary (visited)
   Lair: D:8-11         Orc: D:9-12

Altars:
Dithmenos
Fedhas
Qazlal
Ru
Uskayaw

Shops:
D:7 [

Annotations:
D:11 5 transporters


Innate Abilities, Weirdness & Mutations

You are immune to sickness and miasma.
Your stone body is resilient. (AC +8)
You are immune to poison.
You resist negative energy. (rN+)
You are resistant to electric shocks. (rElec)
You are resistant to unholy torment.
You are immune to petrification.


Message History

Azrael burns you.
You bludgeon Azrael!!
Azrael is severely wounded.
Azrael barely misses you.
You thump Azrael!
Azrael is severely wounded.
The hell hound breathes flames at you.
The blast of flame hits the fire elemental.
The fire elemental completely resists.
The blast of flame hits the hell hound.
The hell hound completely resists.
The blast of flame hits the fire elemental.
The fire elemental completely resists.
The blast of flame hits Azrael.
Azrael completely resists.
The blast of flame hits you.
Azrael hits you with a +0 scimitar of flaming!
Azrael burns you.
You sock Azrael!
Azrael is almost dead.
You hit Azrael but do no damage.
Azrael is almost dead.
Azrael hits you but does no damage.
You thump Azrael!
You kill Azrael!
Trog accepts your kill.
Your Fighting skill increases to level 9!
Your Armour skill increases to level 12!
You hit the fire elemental.
The fire elemental is lightly damaged.
The hell hound breathes flames at you.
The blast of flame hits the fire elemental.
The fire elemental completely resists.
The blast of flame misses the hell hound.
The blast of flame hits the fire elemental.
The fire elemental completely resists.
The blast of flame hits you!
* * * LOW HITPOINT WARNING * * *
The fire elemental hits you. The fire elemental burns you!
* * * LOW HITPOINT WARNING * * *
The hell hound breathes flames at you.
The blast of flame hits the fire elemental.
The fire elemental completely resists.
The blast of flame hits you!!
You die...

#.#################
○.WhE.hE@.........#
..###############.#
#.# #.# #.# ## #.#
#. #.# #. #.######.
#........


You could see 2 fire elementals, 2 hell hounds and a shadow (invisible).

Vanquished Creatures
  Azrael (D:12)
  2 two-headed ogres
  An ugly thing (D:11)
  A manticore (D:11)
  A cyclops (D:11)
  Maurice (D:8)
  Psyche (D:8)
  A rime drake (shapeshifter) (D:8)
  2 trolls
  A hornet (D:7)
  A vampire (D:9)
  2 wraiths
  19 yaks
  A fire elemental (D:12)
  4 wyverns
  2 steam dragons
  Grum (D:8)
  4 vampire mosquitoes (D:12)
  4 acid dragons
  2 hell hounds (D:12)
  2 black bears (D:10)
  A sky beast (D:6)
  3 orc warriors
  A hornet zombie (Ossuary)
  3 ogres
  3 wolves (D:8)
  2 centaurs
  6 kobold brigands
  2 gnoll sergeants
  4 scorpions
  5 wyvern zombies (Ossuary)
  A water moccasin zombie (Ossuary)
  8 wights (D:8)
  13 killer bees
  A howler monkey (D:9)
  2 electric eels (D:11)
  A centaur zombie (Ossuary)
  6 hounds
  7 orc priests
  5 bullfrog zombies (Ossuary)
  2 jellies
  Crazy Yiuf (D:4)
  2 gnoll boudas
  3 iguanas
  8 orc wizards
  6 killer bee zombies (Ossuary)
  12 mummies (Ossuary)
  2 river rats (D:5)
  9 adders
  20 gnolls
  A shadow imp (D:5)
  4 white imps
  4 worms
  2 dart slugs
  18 orcs
  5 endoplasms
  5 giant cockroaches
  9 goblins
  3 hobgoblins
  4 jackals (D:3)
  36 kobolds
  5 quokkas
  10 ball pythons
  10 bats
  6 frilled lizards
  9 rats
324 creatures vanquished.

Notes
Turn   | Place    | Note
-------+----------+-------------------------------------------
     0 | D:1      | KittyFluff the Gargoyle Berserker began the quest for the
                  | Orb.
     0 | D:1      | Reached XP level 1. HP: 14/14 MP: 1/1
   314 | D:1      | Reached XP level 2. HP: 15/19 MP: 2/2
   995 | D:2      | Reached XP level 3. HP: 23/23 MP: 3/3
  1040 | D:2      | Reached skill level 3 in Armour
  1427 | D:2      | Reached ** piety under Trog
  1499 | D:2      | Reached XP level 4. HP: 28/29 MP: 4/4
  1677 | D:3      | Identified the +0 cloak of the Secret Planets {Drain +Inv
                  | Regen+ Str+2}
  2335 | D:3      | Reached XP level 5. HP: 33/33 MP: 5/5
  2539 | D:4      | Found a hide-covered altar of Uskayaw.
  2539 | D:4      | Found a stormy altar of Qazlal.
  2540 | D:4      | Found a blossoming altar of Fedhas.
  2542 | D:4      | Found a shadowy altar of Dithmenos.
  2619 | D:4      | Reached skill level 4 in Armour
  2628 | D:4      | Reached XP level 6. HP: 38/38 MP: 6/6
  2636 | D:4      | Paralysed by a goblin for 5 turns
  2826 | D:4      | Reached skill level 5 in Maces & Flails
  2978 | D:4      | Found a runed translucent door.
  2979 | D:4      | Noticed Crazy Yiuf
  2989 | D:4      | Killed Crazy Yiuf
  2990 | D:4      | Reached XP level 7. HP: 44/44 MP: 7/7
  3037 | D:4      | Identified the +3 hammer of the Lusting Queen {venom, rN++
                  | rCorr Str-4 SInv}
  3116 | D:5      | Entered Level 5 of the Dungeon
  3170 | D:5      | Reached skill level 5 in Armour
  3237 | D:5      | Reached *** piety under Trog
  3598 | D:5      | Reached skill level 5 in Fighting
  3598 | D:5      | Reached XP level 8. HP: 20/49 MP: 8/8
  3632 | D:5      | Found a glowing drain.
  3654 | Sewer    | Entered a sewer
  3755 | Sewer    | Reached skill level 6 in Armour
  4534 | D:6      | Found a sacrificial altar of Ru.
  4541 | D:6      | Reached **** piety under Trog
  4576 | D:6      | Found a sand-covered staircase.
  4602 | D:6      | Reached skill level 7 in Armour
  4645 | Ossuary  | Entered an ossuary
  4737 | Ossuary  | Reached XP level 9. HP: 55/55 MP: 9/9
  4906 | Ossuary  | Reached skill level 1 in Shields
  5014 | Ossuary  | Reached skill level 8 in Armour
  5288 | D:6      | Identified 2 scrolls of acquirement
  5291 | D:6      | Acquired a manual of Dodging
  5292 | D:6      | Acquired the +2 pair of boots of the Blizzard {Str+7}
  5736 | D:7      | Noticed a hornet
  5760 | D:7      | Killed a hornet
  5764 | D:7      | Reached ***** piety under Trog
  5859 | D:7      | Found a staircase to the Ecumenical Temple.
  6057 | D:7      | Found Vuvossat's Armour Boutique.
  6178 | D:8      | Reached skill level 5 in Dodging
  6178 | D:8      | Reached XP level 10. HP: 61/61 MP: 10/10
  6325 | D:8      | Reached skill level 9 in Armour
  6380 | D:8      | Noticed a two-headed ogre
  6389 | D:8      | Killed a two-headed ogre
  6496 | D:8      | Noticed Grum
  6520 | D:8      | Noticed a salamander
  6523 | D:8      | a salamander changed into an entropy weaver
  6523 | D:8      | Noticed an entropy weaver (shapeshifter)
  6526 | D:8      | Killed Grum
  6531 | D:8      | an entropy weaver changed into a rime drake
  6823 | D:8      | Noticed Psyche
  6833 | D:8      | Killed Psyche
  6956 | D:8      | Noticed Maurice
  6978 | D:8      | Killed Maurice
  7086 | D:8      | Reached skill level 10 in Armour
  7218 | D:9      | Reached XP level 11. HP: 59/68 MP: 11/11
  7612 | D:9      | Reached skill level 10 in Maces & Flails
  7612 | D:9      | Reached skill level 5 in Shields
  8276 | D:10     | Entered Level 10 of the Dungeon
  8304 | D:10     | Noticed a manticore
  8615 | D:10     | Reached skill level 11 in Armour
  9274 | D:11     | Noticed a two-headed ogre
  9330 | D:11     | Killed a two-headed ogre
  9445 | D:11     | Noticed a red ugly thing
  9469 | D:11     | Killed a red ugly thing
  9540 | D:11     | Found a transporter.
  9540 | D:11     | Found a transporter.
  9641 | D:11     | Noticed a cyclops
  9641 | D:11     | Noticed a manticore
  9659 | D:11     | Killed a manticore
  9665 | D:11     | Killed a cyclops
  9666 | D:11     | Reached XP level 12. HP: 65/75 MP: 12/12
  9727 | D:11     | Found a transporter.
  9730 | D:11     | Found a transporter.
  9733 | D:11     | Found a transporter.
  9739 | D:11     | Found a transporter.
 10013 | D:12     | Noticed Azrael
 10030 | D:12     | Reached ****** piety under Trog
 10050 | D:12     | Killed Azrael
 10051 | D:12     | Reached skill level 12 in Armour
 10051 | D:12     | Killed from afar by a hell hound

Illustrated notes

Levels and vault maps discovered:
D:1:      mrwooster_arrival_statue_3, layout_basic, st_stairs_2, grunt_decor_cap
D:2:      layout_loops_ring
D:3:      layout_basic
D:4:      layout_rooms, grunt_temple_overflow_open, minivault_19,
          serial_bayou_pond_d, uniq_crazy_yiuf_cottage
D:5:      layout_basic, portal_sewer_entry_b
D:6:      layout_loops_ring, nicolae_ru_great_annihilating_truth,
          enter_ossuary_2
D:7:      minmay_chambers_of_fours, layout_cave_pools,
          minmay_temple_entry_waves, serial_shops, nicolae_shop_crystal
D:8:      layout_cave_pods, uniq_grum, uniq_psyche, uniq_maurice
D:9:      layout_irregular_city
D:10:     hellmonk_destroyed_diamonds, layout_loops_cross,
          grunt_lair_entry_orc_guard_hut, hex_large, serial_bayou_crossing
D:11:     layout_big_octagon, grunt_decor_one_mirror, serial_nicolae_subway,
          nicolae_sub_station_metal, nicolae_sub_station_stone,
          nicolae_sub_station_crystal
D:12:     layout_loops_ring, david_orc_4, uniq_nessos, uniq_azrael, uniq_sonja

Skill      XL: |  1  2  3  4  5  6  7  8  9 10 11 12 |
---------------+-------------------------------------+-----
Armour         | 3 4 5 7 8 10 11 12 | 12.0
Dodging        | 2 3 4 5 6 7 8 |  8.1
Maces & Flails | 4 5 7 8 9 11 | 11.3
Fighting       | 4 5 6 7 8 9 |  9.0
Shields        | 2 4 6 |  6.6

Action                     |  1- 3 |  4- 6 |  7- 9 | 10-12 || total
---------------------------+-------+-------+-------+-------++-------
  Melee: Mace              |   107 |   176 |   531 |   628 ||  1442
         Punch             |     1 |     1 |       |       ||     2
 Invoke: Berserk           |     1 |     3 |     1 |     3 ||     8
  Evoke: Wand              |       |       |       |     1 ||     1
    Use: Scroll            |       |     4 |     7 |     3 ||    14
   Stab: Paralysed         |       |       |     1 |       ||     1
 Armour: Animal skin       |    52 |    10 |       |       ||    62
         Leather armour    |       |    50 |   178 |    61 ||   289
         Robe              |       |       |       |   166 ||   166
  Dodge: Dodged            |    80 |   120 |   310 |   389 ||   899
  Block: Kite shield       |       |    30 |    88 |   113 ||   231
         Buckler           |       |       |    32 |    91 ||   123
